 Dungeon Crawl Stone Soup version 0.24.1-4-ge52af88ad5 (webtiles) character file.

Game seed: 3031437040598430009, levelgen mode: deterministic

2229 geomjeong the Cleaver (level 9, -5/86 HPs)
             Began as a Hill Orc Fighter on Apr 20, 2020.
             Was a Follower of Qazlal.
             Slain by an iguana (10 damage)
             ... while paralysed by a hornet
             ... on level 8 of the Dungeon.
             The game lasted 00:13:05 (7784 turns).

geomjeong the Cleaver (Hill Orc Fighter)            Turns: 7784, Time: 00:13:05

Health: -5/86      AC:  7    Str: 22    XL:     9   Next: 36%
Magic:  9/9        EV:  2    Int:  8    God:    Qazlal [*.....]
Gold:   381        SH:  0    Dex: 10    Spells: 8/8 levels left

rFire    . . .     SeeInvis .   A - +3 hand axe
rCold    . . .     Gourm    .   c - +0 shield
rNeg     . . .     Faith    .   n - +0 chain mail
rPois    .         Spirit   .   r - +0 helmet
rElec    .         Reflect  +   (no cloak)
rCorr    .         Harm     .   (no gloves)
MR       .....                  (no boots)
Stlth    ..........             q - +3 amulet of reflection
HPRegen  0.24/turn              (no ring)
MPRegen  0.11/turn              (no ring)

@: paralysed, lethally poisoned (-5 -> -9), corroded, very slightly
contaminated, slowed, lightly drained, invisible
A: sense surroundings 1, robust 1
a: Renounce Religion


You were on level 8 of the Dungeon.
You worshipped Qazlal.
Qazlal was aware of your devotion.
You were not hungry.

You visited 2 branches of the dungeon, and saw 9 of its levels.

You collected 381 gold pieces.

Inventory:

Hand Weapons
 a - a +0 war axe
 A - a +3 hand axe (weapon)
 C - a +5 spear
Missiles
 u - 30 poisoned darts (quivered)
Armour
 b - a +0 scale mail
 c - a +0 shield (worn)
 n - a +0 chain mail (worn)
 r - a +0 helmet (worn)
Jewellery
 q - a +3 amulet of reflection (around neck)
Wands
 w - a wand of flame (14)
 D - a wand of iceblast (4)
Scrolls
 d - 2 scrolls of immolation {unknown}
 e - a scroll of blinking {unknown}
 i - 4 scrolls of remove curse
 j - 5 scrolls of identify
 l - 2 scrolls of magic mapping {unknown}
 o - a scroll of fog {unknown}
 s - 2 scrolls of random uselessness {unknown}
 t - 2 scrolls of teleportation {unknown}
 x - 4 scrolls of enchant armour {unknown}
 y - a scroll of summoning {unknown}
 z - a scroll of amnesia {unknown}
Potions
 h - 2 potions of lignification
 k - a potion of heal wounds
 m - 3 potions of curing
 p - 2 potions of flight
 v - 2 potions of brilliance {unknown}
Comestibles
 f - 8 rations
 B - a chunk of flesh


   Skills:
 * Level 7.4(7.3) Fighting
 * Level 11.1(11.0) Axes
 + Level 2.3(2.2) Throwing
 * Level 6.4(6.3) Armour
 + Level 5.2(5.1) Shields


You had 8 spell levels left.
You didn't know any spells.
Your spell library contained the following spells:

 Spells                   Type           Power        Failure   Level  Hunger
 Magic Dart               Conj           #...         100%        1    ##.....
 Blink                    Tloc           N/A          100%        2    ###....
 Call Imp                 Summ           #.......     100%        2    ###....
 Slow                     Hex            #.......     100%        2    ###....
 Conjure Flame            Conj/Fire      #.......     100%        3    ####...
 Mephitic Cloud           Conj/Pois/Air  #.......     100%        3    ####...


Dungeon Overview and Level Annotations

Branches:
Dungeon (8/15)             Temple (1/1) D:6
   Lair: D:8-11

Altars:
Ashenzari
Cheibriados
Dithmenos
Elyvilon
Gozag
Hepliaklqana
Kikubaaqudgha
Okawaru
Qazlal
Ru
Sif Muna
Uskayaw
Vehumet
Xom
Yredelemnul
Zin
The Shining One

Shops:
D:6 *

Annotations:
D:6 exclusion: downstairs
D:7 exclusion: downstairs


Innate Abilities, Weirdness & Mutations

You passively map a small area around you.
You are robust. (+10% HP)


Message History

You feel yourself slow down. The iguana bites you!
The centaur shoots an arrow.
The arrow hits the hornet!
You hit the hornet.
The hornet is almost dead.
You hit the iguana but do no damage.
You feel yourself speed up.
You feel sick. You block the hornet's attack. You block the iguana's attack.
The hornet stings you!
* * * LOW HITPOINT WARNING * * *
You feel yourself slow down.
The centaur shoots an arrow.
The arrow closely misses the hornet.
The arrow closely misses you.
You closely miss the hornet.
The hornet is almost dead.
You hit the iguana but do no damage.
You feel sick. The hornet stings you!
* * * LOW HITPOINT WARNING * * *
You suddenly lose the ability to move!
The centaur shoots an arrow.
The arrow misses the hornet.
The arrow hits you.
* * * LOW HITPOINT WARNING * * *
The iguana bites you!
You die...

, , ,,... * #. ,, , ...
#. , ,.. , ..,, .. ,.#.#
#.., #l* ..(##.#...
#.###.......# #
#.#....##...#.# *
*######†l@#..##.#.#.### ,
.......y†#...........#..
.........#.............#
.....c.................#
.....(..#..............#
........#..............#.
.........................
...(...................#,
###....###.............#,


You could see a hornet, a centaur and an iguana.

Vanquished Creatures
  A hippogriff (D:7)
  Menkaure (D:7)
  An orc warrior (D:7)
  2 sky beasts
  An ice beast (D:4)
  2 phantoms
  3 ogres
  A bullfrog (D:6)
  A water moccasin skeleton (D:7)
  A scorpion (D:7)
  3 wights (D:7)
  2 killer bees
  A howler monkey (D:5)
  2 jellies
  3 hounds
  A centaur skeleton (D:4)
  3 orc wizards (D:7)
  2 bullfrog skeletons (D:5)
  Jessica (D:3)
  8 worker ants
  8 adders
  An ooze (D:5)
  An adder zombie (D:4)
  An adder skeleton (D:4)
  5 dart slugs
  2 leopard geckos
  12 orcs
  A ball python (D:1)
  5 giant cockroaches
  11 goblins
  9 hobgoblins
  16 jackals
  2 quokkas
  10 bats
  6 frilled lizards
  10 kobolds
  2 quokka skeletons
  8 rats
150 creatures vanquished.

Notes
Turn   | Place    | Note
-------+----------+-------------------------------------------
     0 | D:1      | geomjeong the Hill Orc Fighter began the quest for the Orb.
     0 | D:1      | Reached XP level 1. HP: 19/19 MP: 1/1
    62 | D:1      | Reached skill level 3 in Axes
    62 | D:1      | Reached XP level 2. HP: 20/27 MP: 2/2
   457 | D:1      | Reached XP level 3. HP: 34/34 MP: 3/3
   863 | D:1      | Reached skill level 4 in Axes
  1210 | D:2      | Reached XP level 4. HP: 40/41 MP: 4/4
  1342 | D:2      | Found a sacrificial altar of Ru.
  1784 | D:2      | Reached skill level 5 in Axes
  1793 | D:2      | Found a snail-covered altar of Cheibriados.
  1896 | D:3      | Reached XP level 5. HP: 47/47 MP: 5/5
  2002 | D:3      | Reached skill level 5 in Fighting
  2061 | D:3      | Found a glowing silver altar of Zin.
  2622 | D:3      | Noticed Jessica
  2627 | D:3      | Killed Jessica
  2627 | D:3      | Reached skill level 6 in Axes
  2790 | D:3      | Reached XP level 6. HP: 22/56 MP: 6/6
  3107 | D:4      | Reached skill level 7 in Axes
  3267 | D:4      | Noticed an ice beast
  3275 | D:4      | Killed an ice beast
  3275 | D:4      | Reached XP level 7. HP: 29/62 MP: 7/7
  3528 | D:4      | Gained mutation: You are robust. (+10% HP) [potion of
                  | mutation]
  3528 | D:4      | Gained mutation: You passively map a small area around you.
                  | [potion of mutation]
  3548 | D:4      | Reached skill level 8 in Axes
  3788 | D:4      | Found a shimmering altar of Xom.
  3790 | D:4      | Found a radiant altar of Vehumet.
  3829 | D:5      | Entered Level 5 of the Dungeon
  4564 | D:5      | Reached skill level 9 in Axes
  5073 | D:6      | Reached XP level 8. HP: 69/77 MP: 8/8
  5119 | D:6      | Found Redef's General Store.
  5490 | D:6      | Found a staircase to the Ecumenical Temple.
  5497 | Temple   | Entered the Ecumenical Temple
  5652 | Temple   | Became a worshipper of Qazlal Stormbringer
  5771 | D:6      | Reached skill level 1 in Throwing
  5771 | D:6      | Reached skill level 5 in Armour
  6407 | D:7      | Reached skill level 10 in Axes
  6637 | D:7      | Noticed Menkaure
  6648 | D:7      | Killed Menkaure
  6856 | D:7      | Noticed a hippogriff
  6875 | D:7      | Reached XP level 9. HP: 55/86 MP: 9/9
  6876 | D:7      | Reached skill level 5 in Shields
  7620 | D:7      | Reached skill level 11 in Axes
  7771 | D:8      | Reached * piety under Qazlal
  7775 | D:8      | Noticed a hornet
  7784 | D:8      | Paralysed by a hornet for 3 turns
  7784 | D:8      | Slain by an iguana

Levels and vault maps discovered:
D:1:      nicolae_arrival_memento_mori, layout_loops_cross, minmay_pentomino_z4
D:2:      layout_basic, marbit_many_paths, nicolae_ru_sacrificial_ziggurat,
          first_ration
D:3:      layout_basic, zin_scriptorium, serial_bayou_lagoon_a, minmay_puff,
          uniq_jessica
D:4:      layout_rooms, nicolae_overflow_hidden_temple
D:5:      layout_gridville
D:6:      layout_basic, temple_green, serial_shops, shop
D:7:      layout_cave_pods, uniq_menkaure
D:8:      layout_rooms, lemuel_coloured_pillars_altar, old_standard_altar,
          kennysheep_mini_moat, fedhas_bush_and_centaur_altar, david_nohive_1
Temple:   nicolae_temple_figure_eight

Skill      XL: |  1  2  3  4  5  6  7  8  9 |
---------------+----------------------------+-----
Fighting       | 4 5 6 7 |  7.4
Axes           | 3 4 5 6 7 9 10 11 | 11.1
Armour         | 4 5 6 |  6.4
Shields        | 4 5 |  5.2
Throwing       | 1 2 |  2.3

Action                   |  1- 3 |  4- 6 |  7- 9 || total
-------------------------+-------+-------+-------++-------
Melee: War axe           |   121 |   159 |   227 ||   507
       Hand axe          |       |       |    43 ||    43
Throw: Dart              |       |    11 |    54 ||    65
  Use: Potion            |       |     3 |     2 ||     5
       Scroll            |       |     2 |     5 ||     7
  Eat: Chunk             |     1 |     7 |    11 ||    19
       Ration            |       |       |     1 ||     1
Armor: Scale mail        |    64 |       |       ||    64
       Chain mail        |    27 |    91 |    88 ||   206
Dodge: Dodged            |    43 |    32 |    40 ||   115
Block: Shield            |    82 |   116 |   164 ||   362
       Reflection        |       |     3 |     7 ||    10
